TOP OF THE 1ST |
Jersey City Tritons batting - Pitching for Royse City Targaryens : RHP Francisco López
|
Pitching: RHP Francisco López
|
|
Batting: RHB Dave Yates
|
0-0: Bunt for hit - play at first, batter OUT! 3-4
|
Batting: RHB Zahid Kashani
|
0-0: Ball 1-0: Foul Ball, location: 2F 1-1: Ground out 3-1 (Groundball, 34)
|
Batting: SHB Ludovic Michel
|
0-0: Ball 1-0: SINGLE (Line Drive, 4MD)
|
Batting: RHB Ju-chan Pak
|
0-0: Ball 1-0: Swinging Strike 1-1: Swinging Strike 1-2: Ball 2-2: Strikes out swinging
|
Top of the 1st over - 0 runs, 1 hit, 0 errors, 1 left on base; Jersey City 0 - Royse City 0 |
BOTTOM OF THE 1ST |
Royse City Targaryens batting - Pitching for Jersey City Tritons : RHP Ricardo Rodríguez
|
Pitching: RHP Ricardo Rodríguez
|
|
Batting: RHB Albert Covington
|
0-0: Called Strike 0-1: Ball 1-1: Foul Ball, location: 2F 1-2: Strikes out swinging
|
Batting: LHB Jeff Lawson
|
0-0: Ball 1-0: Called Strike 1-1: Foul Ball, location: 2F 1-2: Strikes out swinging
|
Batting: LHB Ashley Thachi
|
0-0: Ball 1-0: Foul Ball, location: 2F 1-1: Fly out, F7 (Flyball, 7S)
|
Bottom of the 1st over - 0 runs, 0 hits, 0 errors, 0 left on base; Jersey City 0 - Royse City 0 |
TOP OF THE 2ND |
Jersey City Tritons batting - Pitching for Royse City Targaryens : RHP Francisco López
|
Batting: LHB Chia-ch'ing Dodman
|
0-0: Ball 1-0: Fly out, F8 (Flyball, 89D)
|
Batting: SHB Dave Atkins
|
0-0: Fly out, F9 (Flyball, 9D)
|
Batting: RHB Edgar Baeza
|
0-0: Ball 1-0: Fly out, F7 (Flyball, 7D)
|
Top of the 2nd over - 0 runs, 0 hits, 0 errors, 0 left on base; Jersey City 0 - Royse City 0 |
BOTTOM OF THE 2ND |
Royse City Targaryens batting - Pitching for Jersey City Tritons : RHP Ricardo Rodríguez
|
Batting: LHB Gonzalo Álvarez
|
0-0: Ball 1-0: Called Strike 1-1: Foul Ball, location: 2F 1-2: Fly out, F8 (Flyball, 8LD)
|
Batting: RHB Fokke Willemsen
|
0-0: Fly out, F5 (Line Drive, 5)
|
Batting: LHB Terrence Eler
|
0-0: Called Strike 0-1: Foul Ball, location: 2F 0-2: Strikes out swinging
|
Bottom of the 2nd over - 0 runs, 0 hits, 0 errors, 0 left on base; Jersey City 0 - Royse City 0 |
TOP OF THE 3RD |
Jersey City Tritons batting - Pitching for Royse City Targaryens : RHP Francisco López
|
Batting: RHB Júlio Vargas
|
0-0: Called Strike 0-1: Ball 1-1: Ground out 5-3 (Groundball, 56S)
|
Batting: LHB Colt Gridley
|
0-0: Ball 1-0: Fly out, F8 (Flyball, 8RS)
|
Batting: RHB Dave Yates
|
0-0: Called Strike 0-1: Fly out, F8 (Flyball, 8LM)
|
Top of the 3rd over - 0 runs, 0 hits, 0 errors, 0 left on base; Jersey City 0 - Royse City 0 |
BOTTOM OF THE 3RD |
Royse City Targaryens batting - Pitching for Jersey City Tritons : RHP Ricardo Rodríguez
|
Batting: RHB Chriss Mann
|
0-0: Ball 1-0: SINGLE (Line Drive, 34)
|
Batting: SHB Corey Neace
|
0-0: Ball 1-0: Fly out, F3 (Popup, 3F)
|
Batting: RHB Diego Bonilla
|
0-0: Ball 1-0: Called Strike 1-1: Foul Ball, location: 2F 1-2: Strikes out swinging
|
Batting: RHB Albert Covington
|
0-0: Ball 1-0: Called Strike 1-1: Called Strike 1-2: Fly out, F7 (Line Drive, 7S)
|
Bottom of the 3rd over - 0 runs, 1 hit, 0 errors, 1 left on base; Jersey City 0 - Royse City 0 |
TOP OF THE 4TH |
Jersey City Tritons batting - Pitching for Royse City Targaryens : RHP Francisco López
|
Batting: RHB Zahid Kashani
|
0-0: Fly out, F8 (Flyball, 78M)
|
Batting: SHB Ludovic Michel
|
0-0: Ball 1-0: Ball 2-0: SINGLE (Line Drive, 4MD)
|
Batting: RHB Ju-chan Pak
|
0-0: Ball 1-0: Ball 2-0: Foul Ball, location: 2F 2-1: Called Strike 2-2: Strikes out swinging
|
Batting: LHB Chia-ch'ing Dodman
|
0-0: Ball 1-0: Foul Ball, location: 2F 1-1: Called Strike 1-2: Strikes out looking
|
Top of the 4th over - 0 runs, 1 hit, 0 errors, 1 left on base; Jersey City 0 - Royse City 0 |
BOTTOM OF THE 4TH |
Royse City Targaryens batting - Pitching for Jersey City Tritons : RHP Ricardo Rodríguez
|
Batting: LHB Jeff Lawson
|
0-0: Ball 1-0: SINGLE (Line Drive, 34)
|
Batting: LHB Ashley Thachi
|
0-0: Ball 1-0: Foul Ball, location: 2F 1-1: Foul Ball, location: 2F 1-2: TRIPLE (Line Drive, 89XD) Jeff Lawson scores
|
Batting: LHB Gonzalo Álvarez
|
0-0: SINGLE (Line Drive, 89M) Ashley Thachi scores
|
Batting: RHB Fokke Willemsen
|
0-0: Ball Gonzalo Álvarez steals 2nd base 1-0: Ball 2-0: Called Strike 2-1: Called Strike Gonzalo Álvarez steals 3rd base 2-2: Fly out, F3 (Popup, 3S)
|
Batting: LHB Terrence Eler
|
0-0: Swinging Strike 0-1: Ball 1-1: Ball 2-1: Called Strike 2-2: Foul Ball, location: 2F 2-2: Foul Ball, location: 2F 2-2: Ball 3-2: Strikes out looking
|
Batting: RHB Chriss Mann
|
0-0: Called Strike 0-1: Swinging Strike 0-2: Ball 1-2: Ball 2-2: Foul Ball, location: 2F 2-2: Ball 3-2: Ground out 1-3 (Groundball, P)
|
Bottom of the 4th over - 2 runs, 3 hits, 0 errors, 1 left on base; Jersey City 0 - Royse City 2 |
TOP OF THE 5TH |
Jersey City Tritons batting - Pitching for Royse City Targaryens : RHP Francisco López
|
Batting: SHB Dave Atkins
|
0-0: Ball 1-0: Fly out, F6 (Line Drive, 6)
|
Batting: RHB Edgar Baeza
|
0-0: Swinging Strike 0-1: Ball 1-1: Foul Ball, location: 2F 1-2: Fly out, F8 (Flyball, 78M)
|
Batting: RHB Júlio Vargas
|
0-0: Foul Ball, location: 2F 0-1: Swinging Strike 0-2: Ball 1-2: Strikes out swinging
|
Top of the 5th over - 0 runs, 0 hits, 0 errors, 0 left on base; Jersey City 0 - Royse City 2 |
BOTTOM OF THE 5TH |
Royse City Targaryens batting - Pitching for Jersey City Tritons : RHP Ricardo Rodríguez
|
Batting: SHB Corey Neace
|
0-0: Ball 1-0: Ball 2-0: Foul Ball, location: 2F 2-1: Ball 3-1: Base on Balls
|
Batting: RHB Diego Bonilla
|
0-0: Ball 1-0: Ball 2-0: Fielders Choice at 2nd, 5-4 (Groundball, 56)
|
Batting: RHB Albert Covington
|
0-0: Called Strike 0-1: Called Strike 0-2: Ball 1-2: Ball 2-2: Ball Wild Pitch! Diego Bonilla to second 3-2: Foul Ball, location: 2F 3-2: Base on Balls
|
Batting: LHB Jeff Lawson
|
0-0: Ball 1-0: Called Strike 1-1: Ball 2-1: Foul Ball, location: 2F 2-2: Ball 3-2: SINGLE (Line Drive, 7S) Diego Bonilla to third Albert Covington to second Runner from 3rd tries for Home, SAFE, no throw
|
Batting: LHB Ashley Thachi
|
0-0: DOUBLE (Line Drive, 7D) Albert Covington scores Jeff Lawson to third
|
Batting: LHB Gonzalo Álvarez
|
0-0: Intentional Walk
|
Batting: RHB Fokke Willemsen
|
0-0: Ball 1-0: Called Strike 1-1: Called Strike 1-2: Strikes out looking
|
Batting: LHB Terrence Eler
|
0-0: Ball 1-0: Ball 2-0: SINGLE (Line Drive, 4D) Jeff Lawson scores Ashley Thachi to third Gonzalo Álvarez to second Runner from 3rd tries for Home, SAFE, throw made home
|
Batting: RHB Chriss Mann
|
0-0: Ball 1-0: Foul Ball, location: 2F 1-1: Foul Ball, location: 2F 1-2: Ball 2-2: SINGLE (Line Drive, 7S) Gonzalo Álvarez to third Terrence Eler to second
|
Batting: SHB Corey Neace
|
0-0: Ball 1-0: Fly out, F8 (Flyball, 8RM)
|
Bottom of the 5th over - 4 runs, 4 hits, 0 errors, 3 left on base; Jersey City 0 - Royse City 6 |
TOP OF THE 6TH |
Jersey City Tritons batting - Pitching for Royse City Targaryens : RHP Francisco López
|
Batting: LHB Colt Gridley
|
0-0: Ball 1-0: Ground out 4-3 (Groundball, 34D)
|
Batting: RHB Dave Yates
|
0-0: Ball 1-0: Ball 2-0: DOUBLE (Line Drive, 8LXD)
|
Batting: RHB Zahid Kashani
|
0-0: Ball 1-0: Swinging Strike 1-1: Foul Ball, location: 2F 1-2: Foul Ball, location: 2F 1-2: Ground out 1-3 (Groundball, 13) Dave Yates to third
|
Batting: SHB Ludovic Michel
|
0-0: Ball 1-0: Ball 2-0: Ball 3-0: Base on Balls
|
Batting: RHB Ju-chan Pak
|
0-0: Foul Ball, location: 2F 0-1: Ball 1-1: Ball 2-1: Fly out, F7 (Line Drive, 7)
|
Top of the 6th over - 0 runs, 1 hit, 0 errors, 2 left on base; Jersey City 0 - Royse City 6 |
BOTTOM OF THE 6TH |
Royse City Targaryens batting - Pitching for Jersey City Tritons : RHP Ricardo Rodríguez
|
Pitching: RHP Pedro Silva
|
|
Batting: RHB Diego Bonilla
|
0-0: Ball 1-0: Ball 2-0: Fly out, F8 (Flyball, 8LM)
|
Batting: RHB Albert Covington
|
0-0: Called Strike 0-1: Ball 1-1: Ball 2-1: Ball 3-1: Base on Balls
|
Batting: LHB Jeff Lawson
|
0-0: Called Strike 0-1: Foul Ball, location: 2F 0-2: Fielders Choice at 2nd, 5-4 (Groundball, 56)
|
Batting: LHB Ashley Thachi
|
0-0: Ball Jeff Lawson steals 2nd base 1-0: Swinging Strike 1-1: Ground out 4-3 (Groundball, 4)
|
Bottom of the 6th over - 0 runs, 0 hits, 0 errors, 1 left on base; Jersey City 0 - Royse City 6 |
TOP OF THE 7TH |
Jersey City Tritons batting - Pitching for Royse City Targaryens : RHP Francisco López
|
Batting: LHB Chia-ch'ing Dodman
|
0-0: Ball 1-0: Called Strike 1-1: SOLO HOME RUN (Flyball, 89XD), Distance : 378 ft
|
Batting: SHB Dave Atkins
|
0-0: Called Strike 0-1: Foul Ball, location: 2F 0-2: Ball 1-2: Fly out, F9 (Flyball, 9)
|
Batting: RHB Edgar Baeza
|
0-0: Ball 1-0: Swinging Strike 1-1: Swinging Strike 1-2: Ball 2-2: Ball 3-2: Foul Ball, location: 2F 3-2: Foul Ball, location: 2F 3-2: Base on Balls
|
Batting: RHB Júlio Vargas
|
0-0: Ball 1-0: SINGLE (Groundball, 6MD) Edgar Baeza to second Runner from 2nd tries for 3rd, SAFE, no throw
|
Batting: LHB Colt Gridley
|
0-0: Fly out, F7 (Flyball, 7) Runner from 3rd tags up, SCORES, throw made
|
Batting: RHB Dave Yates
|
0-0: Ball 1-0: Foul Ball, location: 2F 1-1: Called Strike 1-2: Ball 2-2: Ground out 5-3 (Groundball, 56S)
|
Top of the 7th over - 2 runs, 2 hits, 0 errors, 1 left on base; Jersey City 2 - Royse City 6 |
BOTTOM OF THE 7TH |
Royse City Targaryens batting - Pitching for Jersey City Tritons : RHP Pedro Silva
|
Batting: LHB Gonzalo Álvarez
|
0-0: Ball 1-0: Called Strike 1-1: Ground out 6-3 (Groundball, 6M)
|
Batting: RHB Fokke Willemsen
|
0-0: Ball 1-0: Foul Ball, location: 2F 1-1: Ball 2-1: Foul Ball, location: 2F 2-2: Ball 3-2: Ground out 5-3 (Groundball, 56S)
|
Batting: LHB Terrence Eler
|
0-0: Called Strike 0-1: Ball 1-1: Swinging Strike 1-2: SOLO HOME RUN (Line Drive, 8RXD), Distance : 430 ft
|
Batting: RHB Chriss Mann
|
0-0: Called Strike 0-1: Ball 1-1: Ball 2-1: Ball 3-1: SINGLE (Groundball, 6MD)
|
Batting: SHB Corey Neace
|
0-0: Ball 1-0: Called Strike 1-1: Foul Ball, location: 2F 1-2: Strikes out swinging
|
Bottom of the 7th over - 1 run, 2 hits, 0 errors, 1 left on base; Jersey City 2 - Royse City 7 |
TOP OF THE 8TH |
Jersey City Tritons batting - Pitching for Royse City Targaryens : RHP Francisco López
|
Batting: RHB Zahid Kashani
|
0-0: Fly out, F5 (Flyball, 5D)
|
Batting: SHB Ludovic Michel
|
0-0: Foul Ball, location: 2F 0-1: Foul Ball, location: 2F 0-2: Foul Ball, location: 2F 0-2: SINGLE (Flyball, 9LS)
|
Batting: RHB Ju-chan Pak
|
0-0: Ball 1-0: Called Strike 1-1: Ball 2-1: Ball 3-1: Foul Ball, location: 2F 3-2: Fly out, F7 (Flyball, 7D)
|
Batting: LHB Chia-ch'ing Dodman
|
0-0: Called Strike 0-1: Called Strike 0-2: Ball 1-2: Ground out U3 (Groundball, 34S)
|
Top of the 8th over - 0 runs, 1 hit, 0 errors, 1 left on base; Jersey City 2 - Royse City 7 |
BOTTOM OF THE 8TH |
Royse City Targaryens batting - Pitching for Jersey City Tritons : RHP Pedro Silva
|
Batting: RHB Diego Bonilla
|
0-0: Called Strike 0-1: Ball 1-1: Ball 2-1: Swinging Strike 2-2: Ball 3-2: Ground out 6-3 (Groundball, 56)
|
Batting: RHB Albert Covington
|
0-0: Ball 1-0: Ball 2-0: Ball 3-0: Base on Balls
|
Batting: LHB Jeff Lawson
|
0-0: Ball 1-0: Called Strike 1-1: Ball 2-1: Ball 3-1: Fly out, F3 (Line Drive, 3)
|
Pitching: RHP Martin Swanson
|
|
Batting: LHB Ashley Thachi
|
0-0: Ball Albert Covington steals 2nd base 1-0: Ball 2-0: Called Strike 2-1: SINGLE (Groundball, 4MD) Albert Covington to third Runner from 3rd tries for Home, SAFE, throw made home
|
Batting: LHB Gonzalo Álvarez
|
0-0: Ball 1-0: SINGLE (Groundball, 25) (infield hit) Ashley Thachi to second
|
Batting: RHB Fokke Willemsen
|
0-0: Called Strike 0-1: Swinging Strike 0-2: Strikes out swinging
|
Bottom of the 8th over - 1 run, 2 hits, 0 errors, 2 left on base; Jersey City 2 - Royse City 8 |
TOP OF THE 9TH |
Jersey City Tritons batting - Pitching for Royse City Targaryens : RHP Francisco López
|
Pitching: RHP Cordell Wilson
|
|
Batting: SHB Dave Atkins
|
0-0: Ball 1-0: Called Strike 1-1: Foul Ball, location: 2F 1-2: Fly out, F5 (Popup, 25F)
|
Batting: RHB Edgar Baeza
|
0-0: Ground out U3 (Groundball, 34)
|
Batting: RHB Júlio Vargas
|
0-0: Foul Ball, location: 2F 0-1: Ball 1-1: Foul Ball, location: 2F 1-2: Ball 2-2: Foul Ball, location: 2F 2-2: Ball 3-2: Foul Ball, location: 2F 3-2: Foul Ball, location: 2F 3-2: Strikes out swinging, 2-3 out at first.
|
Top of the 9th over - 0 runs, 0 hits, 0 errors, 0 left on base; Jersey City 2 - Royse City 8 |
|